 Dungeon Crawl Stone Soup version 0.22.1-1-ga44c0e5 (webtiles) character file.

31390 Lilu the Destroyer (level 13, -3/78 HPs)
             Began as a Deep Elf Conjurer on Nov 11, 2018.
             Was a High Priest of Vehumet.
             Slain by an elephant (14 damage)
             ... on level 6 of the Lair of Beasts.
             The game lasted 01:58:10 (25424 turns).

Lilu the Destroyer (Deep Elf Conjurer)             Turns: 25424, Time: 01:58:10

Health: -3/78      AC: 12    Str:  8    XL:     13   Next: 25%
Magic:  1/29       EV: 34    Int: 23    God:    Vehumet [*****.]
Gold:   926        SH:  7    Dex: 15    Spells: 14/33 levels left

rFire    . . .     SeeInvis .   g - +2 dagger (protect)
rCold    . . .     Gourm    .   E - +2 buckler
rNeg     . . .     Faith    .   G - +3 leather armour
rPois    .         Spirit   .   (no helmet)
rElec    .         Reflect  .   (no cloak)
rCorr    .         Harm     .   p - +0 pair of gloves
MR       ++...                  W - +0 pair of boots (curse)
Stlth    ++........             b - amulet of the acrobat
HPRegen  0.23/turn              m - +4 ring of protection
MPRegen  0.21/turn              N - ring of protection from magic

@: slowed, very slow
A: no striking features
a: Renounce Religion


You were on level 6 of the Lair of Beasts.
You worshipped Vehumet.
Vehumet was extremely pleased with you.
You were not hungry.

You visited 2 branches of the dungeon, and saw 16 of its levels.

You collected 926 gold pieces.

Inventory:

Hand Weapons
 g - a +2 dagger of protection (weapon)
 X - the cursed +0 flail "Widowermaker" {crush, rElec MR- Int+5 Stlth+}
   (You found it on level 2 of the Lair of Beasts)

   It inflicts extra damage upon your enemies.
   It affects your intelligence (+5).
   It insulates you from electricity.
   It affects your resistance to hostile enchantments.
   It makes you more stealthy.
   It has a curse placed upon it.
Armour
 p - a +0 pair of gloves (worn)
 u - a scarf of resistance
 A - a +0 cloak
 E - a +2 buckler (worn)
 G - a +3 leather armour (worn)
 J - a +0 shield
 K - a +0 leather armour of cold resistance
 W - a cursed +0 pair of boots (worn)
Jewellery
 b - an amulet of the acrobat (around neck)
 m - a +4 ring of protection (left hand)
 s - an uncursed ring of flight
 N - a ring of protection from magic (right hand)
 U - an uncursed amulet of magic regeneration
Wands
 l - a wand of iceblast (13)
 q - a wand of acid (5)
 x - a wand of disintegration (20)
 z - a wand of paralysis (28)
 B - a wand of polymorph (8)
 I - a wand of digging (29)
 M - a wand of flame (87)
 R - a wand of clouds (4)
Scrolls
 d - 4 scrolls of magic mapping
 h - a scroll of amnesia {unknown}
 n - 4 scrolls of enchant weapon
 t - 8 scrolls of remove curse
 v - a scroll of enchant armour {unknown}
 w - 5 scrolls of teleportation
 y - 3 scrolls of identify
 F - 3 scrolls of acquirement
 H - 3 scrolls of fog
 T - 2 scrolls of immolation {unknown}
 V - 2 scrolls of fear
Potions
 a - 2 potions of flight
 e - 3 potions of curing
 f - 2 potions of berserk rage {unknown}
 i - a potion of magic {unknown}
 j - a potion of brilliance {unknown}
 k - a potion of heal wounds {unknown}
 r - 2 potions of resistance
 C - a potion of ambrosia {unknown}
 D - a potion of invisibility {unknown}
 L - 2 potions of mutation
 O - 2 potions of agility
 Q - 2 potions of lignification
 S - 3 potions of haste {unknown}
 Z - 3 potions of might {unknown}
Miscellaneous
 o - a fan of gales
Comestibles
 c - 28 rations


   Skills:
 - Level 8.0 Fighting
 - Level 12.0 Dodging
 - Level 2.4 Stealth
 - Level 4.0 Shields
 + Level 10.9 Spellcasting
 + Level 12.4 Conjurations
 - Level 4.0 Hexes
 + Level 5.1 Summonings
 - Level 3.0 Transmutations
 - Level 8.0 Fire Magic
 + Level 5.2 Ice Magic
 - Level 3.0 Earth Magic


You had 14 spell levels left.
You knew the following spells:

 Your Spells              Type           Power        Failure   Level  Hunger
a - Magic Dart            Conj           ####         1%          1    None
b - Searing Ray           Conj           ######       1%          2    None
c - Dazzling Spray        Conj/Hex       ######       1%          3    None
d - Iskenderun's Mystic   Conj           ######..     1%          4    None
e - Conjure Flame         Conj/Fire      ######..     1%          3    None
f - Passwall              Tmut/Erth      ####....     3%          2    None
g - Summon Ice Beast      Ice/Summ       #####...     9%          4    None

Your spell library contained the following spells:

 Spells                   Type           Power        Failure   Level  Hunger
 Bolt of Draining         Conj/Necr      #####.....   4%          5    ####...
 Freeze                   Ice            ####         1%          1    None
 Sandblast                Erth           ####..       1%          1    None
 Throw Frost              Conj/Ice       ######       1%          2    None
 Stone Arrow              Conj/Erth      #####.       1%          3    None
 Force Lance              Conj/Tloc      #####...     1%          4    None
 Fulminant Prism          Conj/Hex       ######....   1%          4    None
 Throw Icicle             Conj/Ice       ######..     1%          4    None
 Ozocubu's Armour         Chrm/Ice       ###.....     8%          3    None
 Lee's Rapid Deconstruct  Erth           ####......   16%         5    ####...
 Petrify                  Tmut/Erth      ####....     22%         4    None


Dungeon Overview and Level Annotations

Branches:
Dungeon (10/15)            Temple (0/1) D:6            Lair (6/6) D:8
  Swamp (0/4) Lair:4       Spider (0/4) Lair:3        Slime (0/5) Lair:6
    Orc: D:9-12

Altars:
Ashenzari
Elyvilon
Kikubaaqudgha
Nemelex Xobeh
Ru
Uskayaw
Vehumet
Yredelemnul
Zin

Shops:
D:8 *(   D:9 (

Annotations:
D:5 3 runed doors, exclusion: 3 doors, Cofein's ghost, amateur FoFi; PeterLawrence's ghost, novice GrBe; Philosophy's ghost, amateur OpWz; hisshadow's ghost, novice DgFE
D:10 Nergalle
Lair:2 Erica


Message History

The elephant tramples you.
* * * LOW HITPOINT WARNING * * *
You stumble backwards!
Casting: Dazzling Spray (safe; 1% risk of failure)
Confirm with . or Enter, or press ? or * to list all spells.
Aiming: Dazzling Spray (safe; 1% risk of failure)
Press: ? - help, Shift-Dir - straight line, f/p - torpor snail
Aim: a torpor snail The spray of energy hits the torpor snail.
The torpor snail is lightly wounded.
The spray of energy hits the elephant.
The elephant is almost dead.
The spray of energy hits the elephant.
The elephant is severely wounded.
The elephant tramples you but does no damage.
The elephant completely misses you. The elephant tramples you.
* * * LOW HITPOINT WARNING * * *
You stumble backwards!
The elephant tramples you!
You die...

##.................## #.....
....................########.....
.P.................P##....#G.....
#................................
##...............................
#...........w...................
#...............................
##.........[...YY...####.#.P.....
#...............@...# ####......
##.................## ##.....
##.................P# #.....
#...................# ....P
#..................## ..
....................#
#P................PP#
P.................P.# ##....P
##.................## .....#


You could see 2 elephants and a torpor snail.

Vanquished Creatures
  Kirke (Lair:3)
  A hydra (Lair:4)
  4 death yaks (Lair:3)
  A wolf spider (Lair:3)
  A manticore (D:10)
  13 elephants
  4 black mambas
  8 spiny frogs
  A rime drake (Lair:3)
  A komodo dragon (Lair:5)
  2 polar bears
  A queen bee (Lair:3)
  A troll (D:9)
  2 jumping spiders
  A tyrant leech (Lair:6)
  A hornet (Lair:6)
  Prince Ribbit (D:7)
  6 blink frogs
  3 bog bodies (Lair:4)
  5 hippogriffs
  Sigmund (D:4)
  A spriggan (Lair:4)
  A vampire (D:10)
  A redback (Lair:3)
  5 hogs (Lair:4)
  11 yaks
  A wyvern (D:9)
  A basilisk (D:8)
  A hungry ghost (D:10)
  Edmund (D:4)
  A swamp worm (Lair:4)
  5 porcupines
  10 water moccasins
  2 sky beasts
  3 black bears
  3 ice beasts
  6 orc warriors
  A phantom (D:8)
  3 wolves (Lair:4)
  4 ogres
  3 centaurs
  5 crocodiles
  2 big kobolds
  10 bullfrogs
  4 scorpions
  27 killer bees
  5 wights (D:9)
  An electric eel (Lair:4)
  A centaur zombie (D:8)
  4 hounds
  5 orc priests
  3 jellies
  2 centaur skeletons
  A gnoll shaman (D:7)
  9 orc wizards
  5 iguanas
  Ijyb (D:5)
  6 worker ants
  19 adders
  7 gnolls
  4 shadow imps
  12 white imps (Lair:6)
  An adder skeleton (D:8)
  A worm (D:2)
  4 dart slugs
  3 leopard geckos
  33 orcs
  3 ball pythons
  6 bats
  4 giant cockroaches
  6 hobgoblins
  6 jackals
  13 quokkas
  2 frilled lizards
  3 goblins
  A jackal skeleton (D:4)
  10 kobolds
  9 rats
361 creatures vanquished.

Vanquished Creatures (collateral kills)
  6 elephants
  A torpor snail (Lair:6)
  An eye of devastation (Lair:6)
  2 hornets (Lair:6)
  A hippogriff (Lair:6)
  A water moccasin (Lair:6)
  An eye of draining (Lair:6)
  A fungus (Lair:5)
14 creatures vanquished.

Vanquished Creatures (others)
  A water moccasin (Lair:4)
  8 fungi
  24 plants
33 creatures vanquished.

Grand Total: 408 creatures vanquished

Notes
Turn   | Place    | Note
-------+----------+-------------------------------------------
     0 | D:1      | Lilu the Deep Elf Conjurer began the quest for the Orb.
     0 | D:1      | Reached XP level 1. HP: 10/10 MP: 6/6
   318 | D:1      | Reached XP level 2. HP: 15/15 MP: 5/8
  1030 | D:2      | Reached skill level 5 in Conjurations
  1091 | D:2      | Reached XP level 3. HP: 14/19 MP: 5/10
  1275 | D:2      | Learned a level 2 spell: Searing Ray
  1342 | D:2      | Found a radiant altar of Vehumet.
  1357 | D:2      | Became a worshipper of Vehumet
  1727 | D:2      | Reached XP level 4. HP: 24/24 MP: 8/11
  2411 | D:3      | Found a shattered altar of Ashenzari.
  2432 | D:3      | Reached XP level 5. HP: 28/28 MP: 8/13
  3330 | D:4      | Found a white marble altar of Elyvilon.
  3463 | D:4      | Noticed an ogre
  3581 | D:4      | Found an ancient bone altar of Kikubaaqudgha.
  3715 | D:4      | Noticed an ogre
  3729 | D:4      | Killed an ogre
  3729 | D:4      | Reached skill level 5 in Spellcasting
  3729 | D:4      | Reached XP level 6. HP: 32/32 MP: 10/15
  3821 | D:4      | Noticed Sigmund
  3852 | D:4      | Killed Sigmund
  3881 | D:4      | Noticed Edmund
  3891 | D:4      | Killed Edmund
  3891 | D:4      | Reached skill level 5 in Dodging
  3891 | D:4      | Reached XP level 7. HP: 35/36 MP: 5/17
  4232 | D:4      | Reached * piety under Vehumet
  4232 | D:4      | Offered knowledge of Sandblast by Vehumet.
  4901 | D:5      | Entered Level 5 of the Dungeon
  5242 | D:5      | Found a runed gate.
  5244 | D:5      | Found a runed gate.
  5244 | D:5      | Noticed Cofein's ghost (amateur FoFi)
  5245 | D:5      | Found a runed gate.
  5245 | D:5      | Noticed hisshadow's ghost (novice DgFE)
  5247 | D:5      | Noticed Philosophy's ghost (amateur OpWz)
  5248 | D:5      | Noticed PeterLawrence's ghost (novice GrBe)
  5415 | D:5      | Noticed Ijyb
  5421 | D:5      | Killed Ijyb
  5657 | D:5      | Reached XP level 8. HP: 41/41 MP: 11/20
  6131 | D:6      | Found a glowing silver altar of Zin.
  6131 | D:6      | Found a basalt altar of Yredelemnul.
  6159 | D:6      | Learned a level 3 spell: Dazzling Spray
  6164 | D:6      | Learned a level 4 spell: Iskenderun's Mystic Blast
  6241 | D:6      | Found a sparkling altar of Nemelex Xobeh.
  6452 | D:6      | Found a staircase to the Ecumenical Temple.
  6760 | D:6      | Found a sacrificial altar of Ru.
  6984 | D:6      | Reached XP level 9. HP: 45/45 MP: 19/23
  7311 | D:7      | Reached skill level 1 in Shields
  7311 | D:7      | Noticed Prince Ribbit
  7320 | D:7      | Reached skill level 10 in Conjurations
  7328 | D:7      | Reached ** piety under Vehumet
  7328 | D:7      | Offered knowledge of Throw Frost by Vehumet.
  7332 | D:7      | Killed Prince Ribbit
  7332 | D:7      | Reached skill level 1 in Fighting
  7928 | D:8      | Noticed a dagger
  7931 | D:8      | Noticed a dagger
  7938 | D:8      | Found a hide-covered altar of Uskayaw.
  7944 | D:8      | Found Ebly's Elemental Accessories.
  8004 | D:8      | Reached skill level 1 in Hexes
  8386 | D:8      | Offered knowledge of Static Discharge by Vehumet.
  8527 | D:8      | Reached *** piety under Vehumet
  9024 | D:8      | Found a staircase to the Lair.
  9041 | D:8      | Found Ycackov's Antique Weapon Emporium.
  9258 | D:8      | Found a shattered altar of Ashenzari.
  9385 | D:9      | Reached XP level 10. HP: 56/56 MP: 14/24
  9858 | D:9      | Offered knowledge of Conjure Flame by Vehumet.
  9863 | D:9      | Learned a level 3 spell: Conjure Flame
 10039 | D:9      | Reached skill level 1 in Fire Magic
 10342 | D:9      | Found Jojariuq's Weapon Shop.
 10976 | D:10     | Entered Level 10 of the Dungeon
 11197 | D:10     | Noticed a manticore
 11552 | D:10     | Noticed Nergalle
 12173 | D:10     | Killed a manticore
 12423 | Lair:1   | Entered Level 1 of the Lair of Beasts
 12448 | D:8      | Reached **** piety under Vehumet
 12448 | D:8      | Reached skill level 5 in Fire Magic
 12629 | Lair:1   | Found a labyrinth entrance.
 12883 | Lair:1   | Noticed a black mamba
 12894 | Lair:1   | Killed a black mamba
 13152 | Lair:1   | Reached skill level 5 in Fighting
 13490 | Lair:2   | Reached XP level 11. HP: 63/63 MP: 17/25
 13820 | Lair:1   | Offered knowledge of Inner Flame by Vehumet.
 13977 | Lair:2   | Noticed Erica
 14270 | Lair:2   | Got a pitted flail
 14271 | Lair:2   | Identified the cursed +0 flail "Widowermaker" {crush, rElec
                  | MR- Int+5 Stlth+} (You found it on level 2 of the Lair of
                  | Beasts)
 14289 | Lair:2   | Reached skill level 10 in Dodging
 15034 | Lair:3   | Learned a level 2 spell: Passwall
 15541 | Lair:3   | Reached skill level 1 in Transmutations
 15541 | Lair:3   | Reached skill level 1 in Earth Magic
 16316 | Lair:3   | Found a hole to the Spider Nest.
 16378 | Lair:3   | Noticed a wolf spider
 16869 | Lair:4   | Noticed a death yak
 16870 | Lair:4   | Noticed a death yak
 16871 | Lair:4   | Noticed a death yak
 16915 | Lair:3   | Killed a death yak
 17242 | Lair:3   | Killed a death yak
 17597 | Lair:4   | Reached skill level 10 in Spellcasting
 17601 | Lair:4   | Reached XP level 12. HP: 45/71 MP: 5/28
 17604 | Lair:4   | Noticed Kirke
 17739 | Lair:3   | Noticed a sphinx
 17739 | Lair:3   | Killed Kirke
 17834 | Lair:3   | Learned a level 4 spell: Summon Ice Beast
 18290 | Lair:4   | Noticed a death yak
 18326 | Lair:3   | Killed a death yak
 19148 | Lair:3   | Killed a death yak
 19560 | Lair:4   | Reached skill level 1 in Summonings
 19560 | Lair:4   | Reached skill level 1 in Ice Magic
 20185 | Lair:4   | Found a staircase to the Swamp.
 21173 | Lair:4   | Noticed a four-headed hydra
 21200 | Lair:4   | Killed a four-headed hydra
 22176 | Lair:5   | Identified 3 scrolls of acquirement
 22288 | Lair:6   | Entered Level 6 of the Lair of Beasts
 23070 | Lair:6   | Reached XP level 13. HP: 69/78 MP: 10/29
 23369 | Lair:6   | Reached ***** piety under Vehumet
 23377 | Lair:6   | Found a staircase to the Slime Pits.
 23727 | Lair:6   | Offered knowledge of Bolt of Draining by Vehumet.
 24770 | Lair:6   | Reached skill level 5 in Summonings
 24770 | Lair:6   | Reached skill level 5 in Ice Magic
 25424 | Lair:6   | Slain by an elephant

Skill      XL: |  1  2  3  4  5  6  7  8  9 10 11 12 13 |
---------------+----------------------------------------+-----
Dodging        | 3 4 5 6 8 9 10 11 12 | 12.0
Conjurations   | 5 6 7 8 9 10 11 12 | 12.4
Spellcasting   | 4 5 6 8 10 | 10.9
Shields        | 4 |  4.0
Fighting       | 3 5 6 8 |  8.0
Hexes          | 4 |  4.0
Fire Magic     | 5 8 |  8.0
Transmutations | 1 3 |  3.0
Earth Magic    | 1 3 |  3.0
Summonings     | 4 5 |  5.1
Ice Magic      | 4 5 |  5.2
Stealth        | |  2.4

Action                   |  1- 3 |  4- 6 |  7- 9 | 10-12 | 13-15 || total
-------------------------+-------+-------+-------+-------+-------++-------
Melee: Dagger            |    10 |    12 |    39 |    70 |    14 ||   145
       Unarmed           |       |     5 |       |       |       ||     5
 Cast: Magic Dart        |    60 |    61 |   121 |   131 |    21 ||   394
       Searing Ray       |     1 |    10 |    65 |   197 |     9 ||   282
       Dazzling Spray    |       |       |     7 |   109 |    17 ||   133
       Conjure Flame     |       |       |       |    23 |       ||    23
       Passwall          |       |       |       |     1 |       ||     1
       Summon Ice Beast  |       |       |       |     6 |    38 ||    44
       Iskenderun's Myst |       |       |       |       |    38 ||    38
Evoke: Wand              |       |       |       |     2 |       ||     2
  Use: Scroll            |       |       |     3 |    17 |       ||    20
       Potion            |       |       |       |     2 |     3 ||     5
 Stab: Invisible         |       |       |       |     1 |       ||     1
  Eat: Chunk             |     3 |     7 |    11 |    11 |     4 ||    36
       Ration            |       |       |     2 |     9 |     1 ||    12
Armor: Robe              |     3 |     5 |       |       |       ||     8
       Skin              |       |     1 |       |     1 |       ||     2
       Ring mail         |       |       |     3 |       |       ||     3
       Leather armour    |       |       |    22 |   100 |    48 ||   170
Dodge: Dodged            |    12 |    24 |   123 |   725 |   147 ||  1031
Block: Buckler           |       |       |    28 |   187 |    73 ||   288
